Map: Dash and Terminal LE (Void)

Players

llllllllllll

  • Race: Protoss Protoss
  • League: Platinum

Bakemonoda - Winner!

  • Race: Terran Terran
  • League: Master

VOD

Have the link to the VOD?

Description

Time

  • Played on: Oct. 8, 2015, 11:21 a.m.
  • Length: 7:24
Show
View Real Time Build Order
Export as new Build Order

llllllllllll Protoss 

Build Orders: Oracle Opening 

Get SALT Encoding   

  12  0:01  Probe (Chrono Boost)  
  13  0:12  Probe (Chrono Boost)  
  14  0:18  Pylon  
  14  0:22  Probe (Chrono Boost)  
  15  0:36  Probe (Chrono Boost)  
  15  0:37  Gateway  
  16  0:44  Assimilator  
  16  0:47  Probe (Chrono Boost)  
  17  0:57  Probe (Chrono Boost)  
  18  1:08  Probe (Chrono Boost)  
  18  1:10  Assimilator  
  20  1:18  Probe (Chrono Boost)  
  20  1:25  Cybernetics Core  
  20  1:29  Probe (Chrono Boost)  
  21  1:39  Probe (Chrono Boost)  
  22  1:50  Probe (Chrono Boost)  
  22  1:54  Pylon  
  23  2:00  Probe (Chrono Boost)  
  23  2:11  Nexus  
  23  2:15  Mothership Core (Chrono Boost)  
  25  2:16  Warp Gate (Chrono Boost)  
  25  2:25  Stalker  
  27  2:33  Stargate  
  27  2:46  Gateway  
  27  2:53  Gateway  
  27  3:05  Probe  
  28  3:16  Oracle (Chrono Boost)  
  31  3:23  Probe, Pylon  
  31  3:25  Probe  
  31  3:26  Pylon  
  33  3:35  Probe x2  
  35  3:44  Gateway  
  35  3:50  Oracle (Chrono Boost)  
  38  4:18  Stalker x2  
  38  4:19  Stalker, Probe  
  38  4:20  Probe  
  46  4:33  Phoenix (Chrono Boost)  
  48  4:45  Probe  
  48  4:47  Probe  
  48  4:50  Stalker x3  
  56  4:56  Stalker  
  56  4:57  Probe  
  56  4:59  Probe  
  60  5:07  Probe, Assimilator  
  60  5:11  Probe  
  57  5:24  Phoenix (Chrono Boost)  
  57  5:27  Stalker  
  61  5:38  Pylon  
  61  5:42  Pylon  
  47  5:54  Stalker x4  
  27  6:19  Stalker x2  
  27  6:20  Zealot x2  
  33  6:41  Stalker x2  
  33  6:42  Zealot  
  33  6:43  Zealot  
Show
View Real Time Build Order
Export as new Build Order

Bakemonoda Terran - Winner!

Build Orders: 1/1/1 

Get SALT Encoding   

  12  0:01  SCV  
  13  0:13  SCV  
  14  0:17  Supply Depot  
  14  0:25  Refinery  
  14  0:28  SCV  
  15  0:41  Barracks  
  15  0:45  SCV  
  16  0:57  SCV  
  16  0:59  Refinery  
  17  1:09  SCV  
  18  1:21  SCV  
  19  1:31  Factory  
  19  1:34  Orbital Command  
  19  1:43  Barracks Reactor  
  19  2:06  SCV  
  20  2:11  Supply Depot  
  20  2:18  SCV  
  21  2:27  Starport  
  21  2:30  Barracks Tech Lab  
  21  2:31  SCV  
  21  2:35  Widow Mine x2  
  25  2:43  SCV  
  26  2:47  Supply Depot  
  27  2:55  SCV  
  27  3:05  Medivac  
  29  3:08  SCV  
  29  3:12  Marine x2  
  32  3:27  Siege Tank  
  32  3:32  Marine x2  
  37  3:49  Viking  
  37  3:53  Supply Depot  
  37  3:55  Command Center  
  39  4:10  SCV, Marine x2  
  39  4:11  Siege Tank  
  45  4:23  Viking  
  47  4:31  Marine  
  47  4:32  Marine  
  49  4:44  Siege Tank  
  52  4:46  SCV  
  52  4:50  Barracks  
  52  4:51  Supply Depot, Barracks  
  53  4:59  Marine x2  
  55  5:17  Siege Tank  
  55  5:18  Marine x2  
  58  5:32  SCV, Viking  
  55  5:57  Marine  
  55  5:58  Siege Tank, Marine  
  60  6:07  Viking  
  60  6:08  Orbital Command  
  60  6:11  SCV  
  63  6:12  Marine x2  
  62  6:36  Marine x4  
  62  6:37  Siege Tank  
  62  6:38  SCV x2  
  71  6:50  SCV x2  
  69  7:02  SCV  
  69  7:03  Marine x2  
  69  7:04  Marine x2  
Tags
 
Add a new tag
Caveats
  • Supply blocks, unpowered buildings, or Contaminate may cause inaccurate times.
  • Supply counts are checked every 10 seconds.